[Event "*** Titled Tuesday Blitz"]
[Site "Chess.com"]
[Date "2021.03.09"]
[Round "9"]
[White "SirStrateg"]
[Black "Vsevolod_Ovchinnikov"]
[Result "1-0"]
[WhiteElo "2614"]
[BlackElo "2511"]
[TimeControl "180+1"]
[EndTime "11:46:45 PST"]
[Termination "SirStrateg won on time"]

1. e4 e6 2. d3 d5 3. Nd2 c5 4.
Ngf3 g6 5. g3 Bg7 6. Bg2 Ne7 7.
O-O Nbc6 8. Re1 b6 9. h4 h6 10. c3 a5 11. a4 Ba6 12. exd5 exd5 13. Nb3 O-O 14. Bf4 Kh7 15. d4 c4 16. Nbd2 f6 17.
Qc2 Bc8 18. h5 Bf5 19. hxg6+ Bxg6 20. Qd1 Qd7 21. Nh4 Bd3 22. b3 Rae8 23. bxc4 dxc4 24. Qh5 Ng6 25. Nxg6 Bxg6 26. Qb5 Nb8 27. Qxc4 Rc8 28. Qb3 Qa7 29. Ne4 Rfd8 30. Nd6 Rc6 31. Bxc6 Nxc6 32.
Nb5 Qd7 33. Bc7 Rc8 34. Bxb6 Qh3 35. Qe6 Bf5 36. Qd5 Nb8 37. Qg2 Qh5 38. Bxa5 Nc6 39. Bb6 Bd7 40. Nd6 Rb8 41. a5 1-0

[Event "*** Titled Tuesday Blitz"]
[Site "Chess.com"]
[Date "2021.03.09"]
[Round "9"]
[White "djano"]
[Black "The_filthy"]
[Result "1-0"]
[WhiteElo "2472"]
[BlackElo "2329"]
[TimeControl "180+1"]
[EndTime "11:46:45 PST"]
[Termination "djano won by resignation"]

1. e4 e6 2. d4 d5 3. Bd3 Nf6 4. e5 Nfd7 5. Ne2 c5 6. c3 Nc6 7.
a3 Be7 8. O-O cxd4 9. cxd4 Qb6 10. Nbc3 f5 11. exf6 Nxf6 12. Nf4 O-O 13. Be3 Bd6 14.
Nh5 a6 15. f4 Bd7 16. b4 Rac8 17. Rc1 Be8 18. Ng3 Bf7 19. Na4 Qd8 20. Nc5 Qe7 21.
Qf3 Rc7 22. Rce1 Nd7 23. Bf2 Bxc5 24. dxc5 Qf6 25. Bb1 e5 26. Nh5 Bxh5 27. Qxh5 e4 28. Qxd5+ Kh8 29. Qxe4 1-0

[Event "*** Titled Tuesday Blitz"]
[Site "Chess.com"]
[Date "2021.03.09"]
[Round "9"]
[White "Supernotar"]
[Black "pastouche06"]
[Result "0-1"]
[WhiteElo "2711"]
[BlackElo "2568"]
[TimeControl "180+1"]
[EndTime "11:46:46 PST"]
[Termination "pastouche06 won by resignation"]

1. d4 d5 2. c4 e6 3. Nf3 Nf6 4. e3 a6 5. Nbd2 dxc4 6. Bxc4 b5 7. Bd3 c5 8. b3 Bb7 9. Qe2 cxd4 10. Nxd4 Bxg2 11.
Rg1 Bb7 12. Bb2 Nbd7 13. O-O-O Qa5 14. Kb1 g6 15. Rc1 Bg7 16. h4 O-O 17. h5 Rfc8 18.
Rxc8+ Rxc8 19. hxg6 hxg6 20. Nxe6 fxe6 21. Rxg6 Kf7 22. Rxg7+ Kxg7 23. Qg4+ Kf8 24. Qxe6 Rc6 25. Qh3 Qxd2 26. Qf1 Rd6 27. Bc2 Be4 28. Bxe4 Nxe4 0-1

[Event "*** Titled Tuesday Blitz"]
[Site "Chess.com"]
[Date "2021.03.09"]
[Round "9"]
[White "fabianvivasz"]
[Black "SlavenPastar"]
[Result "0-1"]
[WhiteElo "2279"]
[BlackElo "2530"]
[TimeControl "180+1"]
[EndTime "11:46:53 PST"]
[Termination "SlavenPastar won on time"]

1. e4 b6 2. d4 Bb7 3. Bd3 Nf6 4.
Nd2 e6 5. Ngf3 d5 6. e5 Ne4 7. O-O Nxd2 8. Bxd2 c5 9. c3 Be7 10. Ne1 a5 11. f4 Ba6 12. f5 Bxd3 13. Nxd3 exf5 14.
Rxf5 O-O 15. Qf3 Nc6 16. Rf1 cxd4 17. Rxf7 Rxf7 18. Qxf7+ Kh8 19. cxd4 Nxd4 20. Nf4 Qf8 21. Qxd5 Rd8 22. Qe4 Qg8 23. e6 Nxe6 24. Nxe6 Rxd2 25.
Kh1 Bf6 26. h3 Qe8 27. Qf5 Qa8 0-1

[Event "*** Titled Tuesday Blitz"]
[Site "Chess.com"]
[Date "2021.03.09"]
[Round "9"]
[White "stoleriu"]
[Black "Vaathi_Coming"]
[Result "0-1"]
[WhiteElo "2617"]
[BlackElo "2802"]
[TimeControl "180+1"]
[EndTime "11:46:59 PST"]
[Termination "Vaathi_Coming won by resignation"]

1. e4 c6 2. Nc3 d5 3. d4 dxe4 4. Nxe4 Bf5 5. Ng3 Bg6 6. h4 h6 7. Nf3 e6 8. h5 Bh7 9. Bd3 Bxd3 10. Qxd3 Nd7 11. Bf4 Ngf6 12. O-O-O Be7 13. Kb1 O-O 14. Ne2 c5 15. Bc1 Qc8 16. Rdg1 Ng4 17. Rf1 c4 18.
Qe4 Ngf6 19. Qf4 b5 20. g4 Nd5 21. Qg3 c3 22. b3 f6 23. Nh4 a5 24. Ng6 Rf7 25. Nef4 N7b6 26. Re1 a4 27. Rxe6 axb3 28. cxb3 c2+ 29. Kb2 Ba3+ 30. Ka1 Rfa7 31. Nd3 Bb2+ 0-1

[Event "*** Titled Tuesday Blitz"]
[Site "Chess.com"]
[Date "2021.03.09"]
[Round "9"]
[White "ajdemipopushi"]
[Black "chescomhuynya"]
[Result "0-1"]
[WhiteElo "2390"]
[BlackElo "2589"]
[TimeControl "180+1"]
[EndTime "11:46:59 PST"]
[Termination "chescomhuynya won on time"]

1. Nf3 Nf6 2. g3 g6 3. Bg2 Bg7 4. O-O O-O 5. c4 c6 6. d4 d5 7. b3 dxc4 8. bxc4 c5 9. Bb2 Qb6 10. Qb3 Nfd7 11. e3 Nc6 12. Nbd2 cxd4 13. exd4 Nc5 14.
Qa3 Bf5 15. Nb3 Nd3 16. Bc3 Rfd8 17. Rad1 e5 18. Nxe5 Ncxe5 19. dxe5 Nxf2 20. Rxd8+ Rxd8 21. Rxf2 Rd1+ 22. Bf1 Bh3 23. Bd4 Qc6 0-1

[Event "*** Titled Tuesday Blitz"]
[Site "Chess.com"]
[Date "2021.03.09"]
[Round "9"]
[White "hypert"]
[Black "ymoy"]
[Result "0-1"]
[WhiteElo "2514"]
[BlackElo "2631"]
[TimeControl "180+1"]
[EndTime "11:47:01 PST"]
[Termination "ymoy won by checkmate"]

1. e4 c5 2. Nc3 Nc6 3. Nf3 g6 4. Bc4 Bg7 5. d3 d6 6. a3 Nf6 7. h3 O-O 8. Bg5 e6 9. Qd2 a6 10. Ba2 Nd4 11. Nxd4 cxd4 12. Ne2 e5 13. O-O Be6 14. c3 dxc3 15. Nxc3 Qd7 16. Bh6 Bxa2 17. Rxa2 d5 18. Bxg7 Kxg7 19. f4 dxe4 20. fxe5 Qd4+ 21. Kh1 Qxe5 22. dxe4 Rad8 23. Qe3 Rd4 24. Re1 Rfd8 25. Raa1 Rd3 26. Qf2 Nh5 27. Rad1 Rxd1 28. Rxd1 Rxd1+ 29. Nxd1 Qxe4 30. Nc3 Qe5 31. Qd2 Ng3+ 32. Kg1 h5 33.
Qf2 h4 34. Qd2 Qc5+ 35. Qf2 Qc4 36. Qf3 Qe6 37. Qf2 Qd6 38. Qe3 b5 39. Kf2 a5 40.
Kf3 b4 41. axb4 axb4 42. Ne4 Qd1+ 43. Kf2 Qf1# 0-1

[Event "*** Titled Tuesday Blitz"]
[Site "Chess.com"]
[Date "2021.03.09"]
[Round "9"]
[White "jraosam"]
[Black "shaheus"]
[Result "0-1"]
[WhiteElo "1934"]
[BlackElo "2398"]
[TimeControl "180+1"]
[EndTime "11:47:01 PST"]
[Termination "shaheus won by checkmate"]

1. d4 Nf6 2. e3 g6 3. Nf3 Bg7 4. Be2 O-O 5. O-O b6 6. c4 Bb7 7. Nc3 d6 8. Bd2 Nbd7 9. Rc1 e5 10. dxe5 Nxe5 11. Nxe5 dxe5 12. a3 Qe7 13. Qc2 Rad8 14.
Rfd1 Rd7 15. Be1 Rfd8 16. Rxd7 Rxd7 17. Rd1 h5 18. Rxd7 Qxd7 19. b4 Qc6 20. Bf3 e4 21.
Be2 Ng4 22. Nd5 Qd6 23. Bxg4 Bxd5 24. cxd5 hxg4 25. Qxe4 f5 26. Qe8+ Kh7 27. Qe6 Qxe6 28. dxe6 Bf6 29. f3 gxf3 30. gxf3 Kg7 31. Bg3 c5 32.
bxc5 bxc5 33. e4 fxe4 34. fxe4 c4 35. e5 Be7 36. Kf2 Bxa3 37. Ke2 Bb4 38. Kd1 a5 39.
Kc2 a4 40. Bf2 Kf8 41. Bd4 Ke7 42. Bc3 Bxc3 43. Kxc3 a3 44. Kc2 Kxe6 45. Kb1 c3 46. Kc2 a2 47. h4 a1=Q 48. h5 gxh5 49. Kd3 Kxe5 50. Kc4 c2 51. Kd3 c1=Q 52. Ke2 Qab2+ 53. Kf3 Qf4# 0-1

[Event "*** Titled Tuesday Blitz"]
[Site "Chess.com"]
[Date "2021.03.09"]
[Round "9"]
[White "stepakyedael"]
[Black "KarateBaby"]
[Result "1-0"]
[WhiteElo "2284"]
[BlackElo "2205"]
[TimeControl "180+1"]
[EndTime "11:47:03 PST"]
[Termination "stepakyedael won by resignation"]

1. d4 g6 2. c4 Bg7 3. Nc3 Nf6 4.
e4 d6 5. f3 O-O 6. Be3 Nc6 7.
Nge2 a6 8. Qd2 Na5 9. Nc1 Nd7 10. b4 Nc6 11. a3 e5 12. d5 Nd4 13. Rb1 f5 14. Nb3 Nxb3 15. Rxb3 f4 16. Bf2 g5 17. h3 h5 18. c5 Nf6 19. Bc4 g4 20. hxg4 hxg4 21.
Ne2 a5 22. b5 b6 23. c6 g3 24. Bg1 Kf7 25. Nc3 Kg6 26. Na4 Rh8 27. Rxh8 Qxh8 28. Bxb6 Qh1+ 29. Bf1 cxb6 30. Nxb6 a4 31. Rb2 Rb8 32.
Nxc8 Rxc8 33. b6 Qg1 34. b7 Rd8 35. c7 1-0

[Event "*** Titled Tuesday Blitz"]
[Site "Chess.com"]
[Date "2021.03.09"]
[Round "9"]
[White "Moon_stone123"]
[Black "GMBenjaminFinegold"]
[Result "0-1"]
[WhiteElo "2498"]
[BlackElo "2622"]
[TimeControl "180+1"]
[EndTime "11:47:07 PST"]
[Termination "GMBenjaminFinegold won by resignation"]

1. Nf3 d5 2. g3 c6 3. Bg2 Bg4 4. O-O Nd7 5. d3 Ngf6 6. Nbd2 e6 7. Qe1 Bc5 8. e4 dxe4 9. dxe4 e5 10. c3 O-O 11. h3 Bh5 12. Nb3 Bb6 13. Be3 Re8 14. Nh4 Bg6 15. Nf5 Bxf5 16. exf5 e4 17. Rd1 Qe7 18. Bf4 Ne5 19. Bxe5 Qxe5 20. g4 Qf4 21. Qe2 e3 22. fxe3 Rxe3 23. Rxf4 Rxe2+ 24. Kh1 Rxb2 25. g5 Nh5 26. Rg4 g6 27. f6 h6 28. h4 hxg5 29.
hxg5 Re8 30. Nd2 Rd8 31. Re1 Rbxd2 32. Rge4 Ng3+ 0-1

[Event "*** Titled Tuesday Blitz"]
[Site "Chess.com"]
[Date "2021.03.09"]
[Round "9"]
[White "Lestofante90"]
[Black "Leo_C"]
[Result "1-0"]
[WhiteElo "2711"]
[BlackElo "2434"]
[TimeControl "180+1"]
[EndTime "11:47:07 PST"]
[Termination "Lestofante90 won by checkmate"]

1. e4 c6 2. d3 d5 3. Nf3 Bg4 4. Nbd2 Nf6 5. g3 Nbd7 6. Bg2 e5 7. O-O Bd6 8. h3 Bh5 9. Qe1 O-O 10. Nh4 Re8 11.
a4 a5 12. Nf5 Bf8 13. Nf3 Bg6 14. N3h4 Nc5 15. Qe2 Qc7 16. b3 Rad8 17. Bb2 b6 18.
Rae1 d4 19. Bc1 Ne6 20. f4 Bb4 21. Rd1 Nd7 22. Nxg7 Nxg7 23. f5 Bh5 24. g4 Nf6 25.
Bf3 Be7 26. Ng2 Kh8 27. gxh5 Rg8 28. Kh1 b5 29. Rg1 bxa4 30. bxa4 Rdf8 31. Rdf1 Rb8 32.
Ne1 Rb1 33. Bd2 Bb4 34. h6 Nge8 35. Rxg8+ Nxg8 36. Rg1 f6 37. Bh5 Qe7 38. Bxe8 Qxe8 39. Qg2 Qf7 40. Qg7+ Qxg7 41. hxg7# 1-0

[Event "*** Titled Tuesday Blitz"]
[Site "Chess.com"]
[Date "2021.03.09"]
[Round "9"]
[White "redblizzard"]
[Black "03revilo"]
[Result "1-0"]
[WhiteElo "2480"]
[BlackElo "2335"]
[TimeControl "180+1"]
[EndTime "11:47:07 PST"]
[Termination "redblizzard won by resignation"]

1. e4 c5 2. Nf3 d6 3. d4 cxd4 4. Nxd4 Nf6 5. Nc3 Nc6 6. Be2 e5 7. Nf3 Be7 8. Bg5 Be6 9. O-O O-O 10. Bxf6 Bxf6 11. Re1 Nd4 12. Nxd4 exd4 13. Nd5 Bxd5 14. exd5 Qb6 15. Rb1 Rac8 16. Bd3 Qa5 17. Qf3 Rfe8 18. Kf1 Be5 19. h4 Qxa2 20. h5 Qa5 21. h6 g6 22.
Rxe5 Rxe5 23. Qf6 Kf8 24. Qh8+ 1-0

[Event "*** Titled Tuesday Blitz"]
[Site "Chess.com"]
[Date "2021.03.09"]
[Round "9"]
[White "LenkaPtacnikova"]
[Black "Etud-otradnoe"]
[Result "0-1"]
[WhiteElo "2132"]
[BlackElo "2320"]
[TimeControl "180+1"]
[EndTime "11:47:12 PST"]
[Termination "Etud-otradnoe won by resignation"]

1. c4 e6 2. g3 d5 3. Bg2 Nf6 4. Nf3 Be7 5. O-O O-O 6. b3 c6 7. Bb2 a5 8. d4 a4 9. Nc3 a3 10. Bc1 Qa5 11. Bd2 Bb4 12. Rc1 Na6 13. c5 b6 14.
cxb6 Nd7 15. Na4 Nxb6 16. Nxb6 Qxb6 17. Bxb4 Nxb4 18. Qd2 Ba6 19. Ne5 Ra7 20. Rfe1 f6 21. Nf3 Rc8 22. Rc5 e5 23. Rec1 Re8 24. dxe5 fxe5 25.
e3 Rae7 26. Bf1 Bxf1 27. Kxf1 Rf8 28. Kg1 Rxf3 0-1

[Event "*** Titled Tuesday Blitz"]
[Site "Chess.com"]
[Date "2021.03.09"]
[Round "9"]
[White "Chernov_Alexander_A"]
[Black "A-S-00"]
[Result "1-0"]
[WhiteElo "2277"]
[BlackElo "2368"]
[TimeControl "180+1"]
[EndTime "11:47:15 PST"]
[Termination "Chernov_Alexander_A won by resignation"]

1. Nf3 d5 2. g3 c6 3. Bg2 g6 4. O-O Bg7 5. d4 Nf6 6. c4 O-O 7. cxd5 cxd5 8. Nc3 Nc6 9. Ne5 e6 10. Nxc6 bxc6 11. Bf4 Nd7 12. Na4 e5 13. dxe5 Nxe5 14. Rc1 Bd7 15. b3 Qe7 16. Qc2 Rfc8 17. Qc5 Qe8 18. Qc2 Bf5 19. Qd2 Rd8 20. Nc5 Qe7 21.
Rfe1 Rac8 22. Qa5 f6 23. Be3 d4 24. Bf4 g5 25. Bd2 Ng4 26. Nd3 Be4 27. f3 Bxd3 28. exd3 Ne5 29. f4 Ng4 30. Rxe7 Ne3 31. Bxe3 dxe3 32.
Rxe3 1-0

[Event "*** Titled Tuesday Blitz"]
[Site "Chess.com"]
[Date "2021.03.09"]
[Round "9"]
[White "Sibelephant"]
[Black "Firouzja2003"]
[Result "1-0"]
[WhiteElo "3121"]
[BlackElo "3143"]
[TimeControl "180+1"]
[EndTime "11:47:16 PST"]
[Termination "Sibelephant won by resignation"]

1. c4 Nf6 2. Nc3 g6 3. g3 Bg7 4. Bg2 O-O 5. e4 d6 6. Nge2 e5 7. O-O Nbd7 8. d3 c6 9. h3 a6 10.
Be3 b5 11. Qd2 Bb7 12. Bh6 Bxh6 13. Qxh6 b4 14. Nd1 d5 15. exd5 cxd5 16. Ne3 Nc5 17. d4 exd4 18. Nxd4 Nfe4 19. cxd5 Qf6 20. Rad1 Rad8 21. Ng4 Qg7 22. Qxg7+ Kxg7 23. Nc6 Rd6 24.
Nge5 Re8 25. Nc4 Rf6 26. Nxb4 Ng5 27. Nc6 Rc8 28. Rfe1 Nf3+ 29. Bxf3 Rxf3 30. Nd6 Rc7 31. Ne8+ 1-0

[Event "*** Titled Tuesday Blitz"]
[Site "Chess.com"]
[Date "2021.03.09"]
[Round "9"]
[White "chessmachine14"]
[Black "Mikasinski"]
[Result "0-1"]
[WhiteElo "2333"]
[BlackElo "2472"]
[TimeControl "180+1"]
[EndTime "11:47:18 PST"]
[Termination "Mikasinski won on time"]

1. e4 c5 2. Nf3 d6 3. d4 cxd4 4. Nxd4 Nf6 5. Nc3 g6 6. Be2 Bg7 7. O-O O-O 8. Re1 Nc6 9. Nb3 Be6 10. Bf1 a6 11. Bg5 b5 12. Nd5 Bxd5 13. exd5 Ne5 14. f4 Nc4 15. Kh1 Nxb2 16. Qf3 Rc8 17. Nd4 Re8 18.
Rab1 Nc4 19. Nc6 Qd7 20. Bxc4 bxc4 21. Rb6 e6 22. dxe6 Rxe6 23. Rd1 d5 24. Ne5 Qe8 25. Rb7 Ne4 26. h4 f6 27. Rxd5 Nxg5 28. hxg5 fxe5 29. Rdd7 Bf8 30. Rxh7 exf4 31. Qh3 Re1+ 32. Kh2 Qe5 33. Rh8+ Qxh8 0-1

[Event "*** Titled Tuesday Blitz"]
[Site "Chess.com"]
[Date "2021.03.09"]
[Round "9"]
[White "dusanacns"]
[Black "Fandorine"]
[Result "0-1"]
[WhiteElo "2729"]
[BlackElo "2891"]
[TimeControl "180+1"]
[EndTime "11:47:20 PST"]
[Termination "Fandorine won by resignation"]

1. e4 c5 2. Nf3 d6 3. Bb5+ Nd7 4. c3 Nf6 5. Qe2 a6 6. Ba4 b5 7. Bc2 Bb7 8. O-O g6 9. d4 Bg7 10. Nbd2 O-O 11. Re1 e5 12. d5 Qc7 13. b3 Kh8 14. a4 b4 15. cxb4 cxb4 16. Nc4 a5 17. Be3 Ba6 18. Bd3 Ng4 19. Rac1 Qb8 20. Nb2 Bc8 21. Bg5 f6 22. Bd2 Nc5 23. Bc4 f5 24. h3 fxe4 25. hxg4 Bxg4 26. Be3 exf3 27. Qd2 Ne4 28. Qd3 Nc3 29. Rxc3 bxc3 30. Qxc3 fxg2 31. Nd3 Bf3 32. Rc1 Qd8 33. Ne1 Qh4 0-1

[Event "*** Titled Tuesday Blitz"]
[Site "Chess.com"]
[Date "2021.03.09"]
[Round "9"]
[White "IANOV0007"]
[Black "albi1999"]
[Result "0-1"]
[WhiteElo "2487"]
[BlackElo "2598"]
[TimeControl "180+1"]
[EndTime "11:47:20 PST"]
[Termination "albi1999 won by resignation"]

1. Nf3 d5 2. g3 Bg4 3. Bg2 Nd7 4. c4 e6 5. Qa4 Nf6 6. cxd5 exd5 7. Nc3 c6 8. d4 Bd6 9. O-O O-O 10. Re1 Re8 11. Bd2 Ne4 12. Rad1 Nb6 13. Qb3 Nxd2 14. Nxd2 Qf6 15.
Nf3 Re7 16. Na4 Nxa4 17. Qxa4 a6 18. Qc2 Rae8 19. a3 h6 20. Qd3 Re6 21. Rd2 Bc7 22.
Rc1 Ba5 23. b4 Bc7 24. a4 Bf5 25. Qb3 Rxe2 26. Rxe2 Rxe2 27. b5 axb5 28. axb5 Be4 29. bxc6 bxc6 30. Qc3 Bb6 31. Rd1 Rc2 32. Qb4 Bxf3 0-1

[Event "*** Titled Tuesday Blitz"]
[Site "Chess.com"]
[Date "2021.03.09"]
[Round "9"]
[White "MaxLeto"]
[Black "szachuspl"]
[Result "0-1"]
[WhiteElo "2392"]
[BlackElo "2517"]
[TimeControl "180+1"]
[EndTime "11:47:22 PST"]
[Termination "szachuspl won by resignation"]

1. g4 e5 2. Bg2 d5 3. d4 e4 4. g5 h6 5. h4 hxg5 6. hxg5 Rxh1 7. Bxh1 Ne7 8. Bf4 Ng6 9. Qd2 Nxf4 10. Qxf4 Be7 11. Qh4 g6 12. Qh8+ Bf8 13. f4 Nc6 14.
Nc3 Be6 15. O-O-O Qd7 16. Bxe4 O-O-O 17. Qh2 Bg7 18. Bh1 Bxd4 19. Rd3 Bf5 20. Rg3 Qe6 21. Qg2 Be3+ 22. Kb1 Bxf4 23. Rf3 Be5 24. Rf1 Bxc3 25. bxc3 Ne5 26. Nf3 Nc4 27. Nd4 Qb6+ 28. Ka1 0-1

[Event "*** Titled Tuesday Blitz"]
[Site "Chess.com"]
[Date "2021.03.09"]
[Round "9"]
[White "boasovietica"]
[Black "Sagar_Raina"]
[Result "1-0"]
[WhiteElo "2446"]
[BlackElo "2289"]
[TimeControl "180+1"]
[EndTime "11:47:22 PST"]
[Termination "boasovietica won on time"]

1. e4 e5 2. Nf3 Nc6 3. Bb5 a6 4.
Ba4 Nf6 5. O-O Be7 6. d3 d6 7.
c3 O-O 8. Re1 Bg4 9. Nbd2 b5 10.
Bb3 Na5 11. Bc2 c5 12. Nf1 Nc6 13. h3 Bd7 14. Bg5 h6 15. Bxf6 Bxf6 16. Ne3 Be6 17. Nh2 g6 18. Bb3 Bg7 19. Bd5 Rc8 20. a4 b4 21. Nc4 bxc3 22. bxc3 Bxd5 23. exd5 Ne7 24. Qf3 f5 25. Rab1 Qc7 26. Rb6 Rfd8 27. Reb1 Rb8 28. a5 Rxb6 29. axb6 Qb7 30. Na5 Qxd5 31. Qxd5+ Nxd5 32. Nc6 Re8 33. b7 Nxc3 34. b8=Q 1-0

[Event "*** Titled Tuesday Blitz"]
[Site "Chess.com"]
[Date "2021.03.09"]
[Round "9"]
[White "LuisFSiles"]
[Black "BashirliSaadat"]
[Result "0-1"]
[WhiteElo "2284"]
[BlackElo "2193"]
[TimeControl "180+1"]
[EndTime "11:47:22 PST"]
[Termination "BashirliSaadat won on time"]

1. e4 c5 2. Nf3 g6 3. c3 Nf6 4. e5 Nd5 5. Bc4 Nb6 6. Bb3 c4 7. Bc2 Bg7 8. O-O Nc6 9. Re1 d6 10. exd6 Qxd6 11. b3 Nb4 12. Ba3 a5 13. cxb4 axb4 14.
Bxb4 Qxb4 15. Nc3 O-O 16. bxc4 Qxc4 17. Bb3 Qc7 18. Rc1 Qd8 19. d4 Bg4 20. h3 Bxf3 21. Qxf3 Bxd4 22. Qxb7 e6 23. Rcd1 Qf6 24. Ne4 Qg7 25.
Rd3 Rab8 26. Qa6 Nd7 27. Red1 e5 28. Nd6 Qf6 29. Qc6 Nc5 30. Rf3 Qg7 31. Nxf7 Nxb3 0-1

[Event "*** Titled Tuesday Blitz"]
[Site "Chess.com"]
[Date "2021.03.09"]
[Round "9"]
[White "jordanasoul"]
[Black "niki_2003"]
[Result "0-1"]
[WhiteElo "2167"]
[BlackElo "2042"]
[TimeControl "180+1"]
[EndTime "11:47:23 PST"]
[Termination "niki_2003 won by resignation"]

1. e4 c5 2. Nc3 a6 3. a4 e6 4. d3 d5 5. g3 d4 6. Nce2 Nc6 7.
Bg2 e5 8. f4 Bd6 9. Nf3 Bg4 10.
O-O Nf6 11. f5 O-O 12. h3 Bxf3 13. Rxf3 g6 14. g4 Nd7 15. Qf1 gxf5 16. Rxf5 f6 17. Bh6 Rf7 18. Qf2 Kh8 19. Rh5 Bf8 20. Rf1 Bxh6 21.
Rxh6 Qf8 22. Qh4 Qg7 23. Ng3 Raf8 24. Nf5 Qg8 25. Nd6 Re7 26. Nxb7 Rg7 27. Nd6 Ndb8 28. Nf5 Rg5 29. Kh1 Nd7 30. Nd6 Ne7 31. Nf5 Nxf5 32.
exf5 Rf7 33. Bd5 Qg7 34. Bxf7 Qxf7 35. Qg3 Qg7 36. Rh4 Nb6 37. Qf3 Qd7 38. b3 Nd5 39.
Ra1 Ne3 40. Qa8+ Rg8 41. Qe4 Rg5 42. c3 Kg7 43. cxd4 cxd4 44. Rc1 Kh8 45. Qa8+ Kg7 46. Qb8 Qd5+ 0-1

[Event "*** Titled Tuesday Blitz"]
[Site "Chess.com"]
[Date "2021.03.09"]
[Round "9"]
[White "HouseOfDurin"]
[Black "sau6on"]
[Result "0-1"]
[WhiteElo "2165"]
[BlackElo "2411"]
[TimeControl "180+1"]
[EndTime "11:47:24 PST"]
[Termination "sau6on won on time"]

1. d4 d5 2. Bg5 Nc6 3. e3 f6 4. Bh4 Nh6 5. f3 Nf5 6. Bf2 e5 7. dxe5 fxe5 8. Bb5 Bc5 9. e4 Bxf2+ 10. Kxf2 Nd4 11. Bd3 O-O 12. c3 dxe4 13. Bxe4 Qh4+ 14.
g3 Qxe4 15. cxd4 exd4 16. Kg2 Qe3 17. Nd2 Be6 18. Qe1 Bd5 19. Qxe3 dxe3 20. Nf1 Rae8 21. Re1 e2 22. Nd2 Nd4 23. Kf2 Rd8 24. b3 c5 25. Nxe2 Nxf3 26. Nxf3 Rxf3+ 0-1

[Event "*** Titled Tuesday Blitz"]
[Site "Chess.com"]
[Date "2021.03.09"]
[Round "9"]
[White "ValeriyGrinev"]
[Black "Smile2005"]
[Result "1-0"]
[WhiteElo "2556"]
[BlackElo "2387"]
[TimeControl "180+1"]
[EndTime "11:47:25 PST"]
[Termination "ValeriyGrinev won on time"]

1. c4 g6 2. Nc3 Bg7 3. d4 d6 4. e4 Nf6 5. Be2 O-O 6. Nf3 e5 7. O-O exd4 8. Nxd4 Re8 9. f3 Nc6 10. Be3 Nh5 11. Qd2 Nf4 12. Rad1 Be6 13. Kh1 Nxe2 14.
Qxe2 f5 15. Nxe6 Rxe6 16. c5 Bxc3 17. bxc3 fxe4 18. cxd6 Rxd6 19. Rxd6 Qxd6 20. Qc4+ Kg7 21. Qxe4 Rf8 22. Qh4 Rf5 23. Bh6+ Kf7 24. Re1 b5 25.
h3 Rh5 26. Qf4+ Qxf4 27. Bxf4 Rc5 28. Bxc7 Rxc3 29. Bd6 Rc2 30. a3 a5 31. Rb1 Nd4 32.
Be5 Nc6 33. Bh2 b4 34. axb4 axb4 35. Bd6 Rc4 36. Kg1 Ke6 37. Bf8 Kd5 38. Kf2 Rc2+ 39.
Ke3 Kc4 40. g4 b3 41. f4 Rc3+ 42. Ke4 Rxh3 43. f5 gxf5+ 44. gxf5 Kc3 45. Bg7+ Kc2 46.
Rb2+ Kc1 47. Rf2 Rh4+ 48. Kd3 Rh3+ 49. Kc4 Ne7 50. f6 Ng6 51. f7 Re3 52. Rf6 Re4+ 53.
Kd5 1-0

[Event "*** Titled Tuesday Blitz"]
[Site "Chess.com"]
[Date "2021.03.09"]
[Round "9"]
[White "bakki78"]
[Black "Konavets"]
[Result "0-1"]
[WhiteElo "2788"]
[BlackElo "2933"]
[TimeControl "180+1"]
[EndTime "11:47:26 PST"]
[Termination "Konavets won by resignation"]

1. e4 Nc6 2. Nf3 f5 3. e5 d6 4.
exd6 cxd6 5. d4 Nf6 6. c4 e5 7. Nc3 e4 8. Ng5 g6 9. h4 Bg7 10.
Be3 Ng4 11. Be2 Nxe3 12. fxe3 h6 13. Nh3 Qxh4+ 14. Kd2 Qg3 15. Qg1 g5 16. Bh5+ Ke7 17. Re1 Nxd4 18. exd4 Qd3+ 19. Kc1 Bxd4 20. Nf2 Be3+ 21. Rxe3 Qxe3+ 22. Kb1 Be6 23. g4 Rhf8 24.
gxf5 Rxf5 25. Nfxe4 Qxg1+ 26. Rxg1 Bxc4 27. b3 Bd3+ 28. Kb2 Raf8 29. Rh1 Re5 30. Ng3 Rf2+ 31. Ka3 Ra5+ 32.
Kb4 Rc5 33. Nge2 a5+ 34. Ka4 d5 35. Re1 Kd6 36. b4 axb4 37. Kxb4 Rc4+ 38. Kb3 Rh4 39. Ng3 Rg2 40. Re3 Bc4+ 41. Ka3 Rxg3 42. Rxg3 Rxh5 43.
Kb4 Rh2 44. a4 Rb2+ 45. Ka3 Rb3+ 0-1

[Event "*** Titled Tuesday Blitz"]
[Site "Chess.com"]
[Date "2021.03.09"]
[Round "9"]
[White "TST2014"]
[Black "Arvids_Andrejevs"]
[Result "0-1"]
[WhiteElo "2591"]
[BlackElo "2435"]
[TimeControl "180+1"]
[EndTime "11:47:28 PST"]
[Termination "Arvids_Andrejevs won on time"]

1. d4 d5 2. c4 dxc4 3. e3 e6 4.
Bxc4 Nf6 5. Nf3 a6 6. a4 c5 7. O-O Nc6 8. Qe2 cxd4 9. Rd1 Be7 10. exd4 Nb4 11. Ra3 O-O 12. Ne5 b6 13. Rg3 Bb7 14. Bh6 Ne8 15. Nc3 Bf6 16. Ng4 Bh4 17. Rh3 gxh6 18.
Nxh6+ Kh8 19. Qh5 Qg5 20. Qxg5 Bxg5 21. Ng4 Rd8 22. Ne5 Bf6 23. Re3 Nc2 24. Rf3 Bxf3 25.
Nxf3 Nxd4 26. Ne4 Nxf3+ 27. gxf3 Rxd1+ 28. Kg2 Rg8+ 29. Kh3 Bxb2 30. Bxa6 Rdg1 31. Nd6 Nxd6 32. Bd3 R8g5 33. Kh4 Nf5+ 34. Bxf5 exf5 0-1

[Event "*** Titled Tuesday Blitz"]
[Site "Chess.com"]
[Date "2021.03.09"]
[Round "9"]
[White "suneebaker"]
[Black "andrewtnb"]
[Result "1-0"]
[WhiteElo "2227"]
[BlackElo "2299"]
[TimeControl "180+1"]
[EndTime "11:47:28 PST"]
[Termination "suneebaker won on time"]

1. Nf3 c6 2. g3 d5 3. Bg2 Bg4 4. O-O Nd7 5. d3 e6 6. Nbd2 Bc5 7. b3 Ne7 8. Bb2 O-O 9. e4 Bh5 10. Qe1 h6 11. exd5 exd5 12. Ne5 Bd6 13. Ndf3 Bxf3 14.
Nxf3 Ng6 15. Qd2 Re8 16. Rfe1 Qc7 17. Nd4 Be5 18. Rab1 Bf6 19. Rxe8+ Rxe8 20. Re1 Rxe1+ 21. Qxe1 Qd8 22. Bc3 Nc5 23. Nf5 Bxc3 24. Qxc3 Ne6 25. Qb4 Qb6 26. Qd6 Qc7 27. Qxc7 Nxc7 28. Nd6 b5 29. f4 a6 30. Kf2 Ne7 31. Ke3 Kf8 32. Kd4 Ne6+ 33. Ke3 f5 34. Bh3 g6 35. d4 Kg7 36. Bf1 Kf6 37. a4 g5 38. c4 1-0

[Event "*** Titled Tuesday Blitz"]
[Site "Chess.com"]
[Date "2021.03.09"]
[Round "9"]
[White "woodhy"]
[Black "katchesskat"]
[Result "1-0"]
[WhiteElo "2458"]
[BlackElo "2315"]
[TimeControl "180+1"]
[EndTime "11:47:29 PST"]
[Termination "woodhy won on time"]

1. e4 c5 2. Nf3 e6 3. d4 cxd4 4.
Nxd4 a6 5. c4 Qc7 6. a3 b6 7. Nc3 Bb7 8. Bd3 Nf6 9. O-O h5 10.
h3 Bc5 11. Be3 Nc6 12. Nc2 Ne5 13. f4 Nxd3 14. Qxd3 Rc8 15. b4 Be7 16. e5 Ng8 17.
c5 bxc5 18. b5 Nh6 19. bxa6 Ba8 20. Nb5 Qc6 21. Rf2 c4 22. Nd6+ Bxd6 23. Qxd6 Qe4 24. Rd1 Bd5 25. a7 Nf5 26. Qb6 O-O 27. Bc5 Rfe8 28. Nb4 Ba8 29. Rc1 Nh4 30. Rcc2 Qe1+ 31. Kh2 Nf5 32. Rxc4 h4 33. Nd3 Qa1 34. Qb2 Qd1 35.
Qd2 Qa1 36. Rc1 1-0

[Event "*** Titled Tuesday Blitz"]
[Site "Chess.com"]
[Date "2021.03.09"]
[Round "9"]
[White "SkippingLaptop"]
[Black "chesslh19"]
[Result "1-0"]
[WhiteElo "2113"]
[BlackElo "2249"]
[TimeControl "180+1"]
[EndTime "11:47:29 PST"]
[Termination "SkippingLaptop won on time"]

1. d4 Nf6 2. c4 e6 3. Nc3 d5 4. Nf3 Be7 5. Bg5 O-O 6. e3 h6 7. Bh4 Ne4 8. Bxe7 Qxe7 9. Bd3 Nxc3 10. bxc3 dxc4 11. Bxc4 c5 12. O-O b6 13. a4 Bb7 14.
a5 Nd7 15. Qe2 Nf6 16. Ne5 Rfc8 17. f3 Nd7 18. f4 Nxe5 19. fxe5 cxd4 20. cxd4 Be4 21.
axb6 axb6 22. Rxa8 Rxa8 23. Qg4 Bf5 24. Qf3 Rc8 25.
Ba6 Rb8 26. d5 exd5 27. Qxf5 b5 28. Bc8 b4 29. e6 f6 30. Bd7 b3 31. Qxd5 b2 32.
Rb1 Kh8 33. Qd4 Qa3 34. Bc6 h5 35. Be4 Qb3 36. e7 1-0